 Dungeon Crawl Stone Soup version 0.21-a0-538-gd16b88a (webtiles) character file.

8 Gerstahl the Skirmisher (level 2, 18/24 HPs)
             Began as a Demonspawn Monk on Dec 15, 2017.
             Quit the game on level 1 of the Dungeon.
             The game lasted 00:00:26 (335 turns).

Gerstahl the Skirmisher (Demonspawn Monk)            Turns: 335, Time: 00:00:27

Health: 18/24      AC:  3    Str: 11    XL:     2   Next: 0%
Magic:  2/2        EV: 13    Int: 11    God:
Gold:   32         SH:  0    Dex: 15    Spells: 1/1 levels left

rFire    . . .     SeeInvis .   a - +0 falchion
rCold    . . .     Gourm    .   (no shield)
rNeg     . . .     Faith    .   b - +0 robe
rPois    .         Spirit   .   (no helmet)
rElec    .         Reflect  .   (no cloak)
rCorr    .         Harm     .   (no gloves)
MR       .....                  (no boots)
Stlth    ++........             (no amulet)
HPRegen  0.08/turn              (no ring)
MPRegen  0.08/turn              (no ring)

@: no status effects
A: rugged brown scales 1
a: no special abilities


You were on level 1 of the Dungeon.
You were not hungry.

You visited 1 branch of the dungeon, and saw 1 of its levels.

You collected 32 gold pieces.

Inventory:

Hand Weapons
 a - a +0 falchion (weapon)
Armour
 b - a +0 robe (worn)
Scrolls
 e - 3 scrolls of identify {unknown}
 i - a scroll of remove curse {unknown}
Potions
 h - a potion of curing {unknown}
Comestibles
 c - a bread ration
 d - 2 fruits
 f - 4 chunks of flesh
 g - a royal jelly


   Skills:
 + Level 3.3 Fighting
 + Level 3.0 Long Blades
 - Level 2.6 Dodging
 - Level 1.7 Stealth


You had one spell level left.
You didn't know any spells.

Dungeon Overview and Level Annotations

Branches:
Dungeon (1/15)

Altars:


Innate Abilities, Weirdness & Mutations

You are partially covered in rugged brown scales. (AC +1, +3% HP)


Message History

You butcher the giant cockroach corpse.
f - 8 chunks of flesh (gained 2) Some of the chunks of flesh in your inventory have rotted away.
You now have 32 gold pieces (gained 10).
A hobgoblin comes into view. It is wielding a club.
The hobgoblin shouts!
A hobgoblin is nearby!
You hit the hobgoblin.
The hobgoblin is heavily wounded.
The hobgoblin hits you but does no damage.
You hit the hobgoblin.
The hobgoblin is almost dead.
The hobgoblin hits you but does no damage.
You hit the hobgoblin.
You kill the hobgoblin!
Your Long Blades skill increases to level 3!
You have reached level 2!
Your demonic ancestry asserts itself...
Rugged brown scales grow over part of your body.
Are you sure you want to abandon this character and quit the game? (Confirm with "yes".)

### ##### #.# #.#.. #.#
#.#.. #.# #.#..
#.######## #.#..
#......... #.##.
#.########### #....
#.###.)...... #÷##.
#...#@# #########.##.
###.#.# #............
#.#.# #.##..#.####.
######.#.# .....#.# #.
#........# #.##..#.# #.
#........# ##.#...#.# .
#........# ......#.#
#........# ####..##.#
#........#..........♣♣♣♣♣


There were no monsters in sight!

Vanquished Creatures
  A dart slug (D:1)
  A giant cockroach (D:1)
  2 hobgoblins (D:1)
  A bat (D:1)
  A rat (D:1)
6 creatures vanquished.

Notes
Turn   | Place    | Note
-------+----------+-------------------------------------------
     0 | D:1      | Gerstahl the Demonspawn Monk began the quest for the Orb.
     0 | D:1      | Reached XP level 1. HP: 18/18 MP: 1/1
   334 | D:1      | Gained mutation: You are partially covered in rugged brown scales. (AC +1, +3% HP) [demonic ancestry]
   334 | D:1      | Reached XP level 2. HP: 18/24 MP: 2/2
   335 | D:1      | Quit the game

Vault maps used:
D:1:      scummos_arrival_hexagon, serial_forest,
          infiniplex_forest_clump_medium, infiniplex_forest_clump_small,
          infiniplex_forest_clump_curved, infiniplex_forest_straight_5,
          infiniplex_forest_lined_room_2, infiniplex_forest_clump_diagonal,
          infiniplex_forest_corner_2

Skill      XL: |  1 |
---------------+----+-----
Long Blades    | 3 |  3.0
Fighting       | |  3.3
Dodging        | |  2.6
Stealth        | |  1.7

Action                   || total
-------------------------++-------
Melee: Falchion          ||    19
 Stab: Sleeping          ||     1
Armor: Robe              ||     4
Dodge: Dodged            ||     8
       Rpst.: Falchion   ||     5

Table legend:
 A = Spawn XP
 B = Non-spawn XP
 C = Spawn XP percentage of total XP
 D = Spawn monster count
 E = Non-spawn monster count
 F = Spawn count percentage of total count
 G = Total turns spent on level
                    A         B        C        D         E        F      G
               +---------+---------+-------+---------+---------+-------+---------
         Total |       0 |      12 |   0.0 |       0 |       6 |   0.0 |   335
               +---------+---------+-------+---------+---------+-------+---------
           D:1 |       0 |      12 |   0.0 |       0 |       6 |   0.0 |   335
               +---------+---------+-------+---------+---------+-------+---------
